Map: Chantier naval orbital

Players

TheRitaline - Winner!

  • Race: Terran Terran
  • League: Silver
  • Spawn Location: 1:00

zidar

  • Race: Zerg Zerg
  • League: Silver
  • Spawn Location: 7:00

VOD

Have the link to the VOD?

Description

Time

  • Played on: Nov. 24, 2015, 2:26 p.m.
  • Length: 12:55
Show
View Real Time Build Order
Export as new Build Order

TheRitaline Terran - Winner!

Build Orders: 1/1/1 

Get SALT Encoding   

  12  0:01  SCV  
  13  0:13  SCV  
  14  0:18  Supply Depot  
  14  0:25  SCV  
  15  0:31  Refinery  
  15  0:40  SCV  
  16  0:45  Barracks  
  16  0:52  SCV  
  17  1:04  SCV  
  18  1:16  SCV  
  19  1:28  Refinery  
  19  1:37  Factory  
  19  1:39  Supply Depot  
  19  1:44  Marine  
  19  1:46  SCV  
  21  1:58  SCV  
  22  2:10  Barracks Reactor  
  22  2:11  SCV  
  23  2:21  Factory Tech Lab  
  23  2:23  SCV, Starport  
  24  2:35  SCV  
  25  2:40  Siege Tank  
  28  2:44  Supply Depot  
  28  2:47  SCV  
  28  2:49  Marine  
  28  2:50  Marine  
  31  3:02  Supply Depot  
  31  3:06  SCV, Medivac  
  31  3:07  Marine x2  
  36  3:22  Siege Tank  
  36  3:26  Supply Depot  
  39  3:31  Orbital Command  
  39  3:40  Medivac  
  41  3:46  Marine x2  
  43  4:04  Marine x2  
  43  4:05  Siege Tank  
  48  4:22  Marine x2  
  50  4:27  Command Center  
  50  4:40  Marine x2  
  50  4:42  Medivac  
  46  5:24  Marine  
  46  5:25  Marine  
  46  5:42  Marine x2  
  45  6:00  Marine x2  
  47  6:12  Orbital Command  
  47  6:13  Refinery  
  47  6:15  SCV  
  47  6:17  Siege Tank  
  47  6:18  Marine x2, Starport Reactor  
  53  6:27  SCV  
  52  6:36  Marine x2  
  52  6:39  SCV  
  55  6:51  SCV  
  55  6:54  Marine x2  
  58  7:03  SCV  
  57  7:11  Marine  
  57  7:12  Marine  
  58  7:29  Marine x2, SCV x2  
  61  7:35  Command Center  
  61  7:41  SCV x2  
  56  7:47  Marine x2  
  58  7:52  Liberator  
  58  7:53  Liberator  
  58  8:05  Marine x2  
  57  8:23  Marine x2  
  59  8:31  SCV x2  
  61  8:35  Liberator x2  
  61  8:40  Marine  
  61  8:41  Marine  
  63  8:43  SCV x2  
  65  8:54  Armory  
  65  8:55  SCV x2  
  73  8:58  Marine x2, Engineering Bay  
  73  9:00  Engineering Bay  
  75  9:07  SCV x2  
  75  9:08  Siege Tank  
  80  9:13  Refinery  
  80  9:16  Marine  
  81  9:17  Orbital Command  
  81  9:19  Marine, SCV x2  
  84  9:29  Barracks  
  84  9:30  Barracks, Terran Infantry Armor Level 1, Terran Infantry Weapons Level 1  
  84  9:31  SCV  
  85  9:40  Supply Depot  
  85  9:42  Supply Depot  
  85  9:43  Terran Vehicle Weapons Level 1  
  85  9:44  Liberator x2, Supply Depot  
  85  9:45  Supply Depot  
  85  9:47  Supply Depot  
  85  10:01  Marine x2  
  85  10:03  Supply Depot  
  85  10:04  SCV  
  85  10:06  Supply Depot  
  85  10:07  Supply Depot  
  94  10:08  SCV  
  94  10:09  SCV  
  96  10:16  SCV  
  96  10:21  Refinery, SCV x2  
  99  10:26  Supply Depot  
  99  10:27  Liberator x2, Barracks Tech Lab, Barracks Reactor  
  99  10:28  SCV  
  99  10:31  Supply Depot  
  100  10:45  SCV x3  
  100  10:47  Refinery  
  109  10:53  Siege Tank  
  112  11:10  Liberator x2  
  112  11:18  Marine x4, Marauder  
  124  11:33  Command Center  
  124  11:36  Marine x4  
  124  11:39  Marauder  
  130  11:52  Liberator x2  
  130  12:01  Marauder  
Show
View Real Time Build Order
Export as new Build Order

zidar Zerg 

Build Orders: Hatch First, Muta Ling Bane 

Get SALT Encoding   

  12  0:02  Drone  
  13  0:12  Overlord  
  13  0:17  Drone  
  14  0:30  Drone x2  
  16  0:37  Drone  
  17  0:55  Hatchery  
  16  0:57  Drone  
  17  1:17  Spawning Pool  
  16  1:18  Drone  
  16  1:22  Extractor, Drone  
  17  1:27  Overlord  
  17  1:42  Overlord  
  17  1:44  Drone  
  18  1:52  Drone  
  19  2:09  Drone x2  
  20  2:19  Zergling x4  
  22  2:31  Metabolic Boost  
  22  2:38  Queen  
  24  2:47  Queen  
  24  2:49  Hatchery  
  25  2:53  Drone  
  25  2:54  Drone  
  27  3:04  Baneling Nest  
  26  3:09  Extractor  
  25  3:29  Drone x6  
  31  3:40  Overlord  
  31  3:41  Overlord  
  31  3:52  Drone  
  32  3:56  Lair  
  32  3:58  Pneumatized Carapace  
  32  4:03  Baneling x2  
  32  4:11  Queen  
  35  4:17  Drone  
  35  4:21  Drone  
  36  4:28  Zergling x10  
  36  4:29  Zergling x2  
  42  4:54  Zergling x2  
  42  4:55  Zergling x20  
  49  5:13  Zergling x2  
  52  5:14  Zergling x10  
  46  6:01  Queen  
  46  6:05  Zergling x2  
  46  6:06  Zergling x22  
  58  6:15  Spire  
  57  6:19  Drone x4  
  40  7:12  Zergling x12  
  40  7:13  Zergling x12  
  50  7:17  Queen  
  49  7:31  Mutalisk  
  49  7:32  Mutalisk x4  
  58  7:48  Baneling x2  
  58  7:49  Baneling x6  
  58  7:52  Centrifical Hooks  
  54  8:35  Zerg Flyer Weapons Level 1  
  54  8:42  Drone x3  
  54  8:47  Extractor  
  56  8:50  Extractor  
  55  9:00  Drone x7  
  62  9:10  Drone x3  
  62  9:13  Overlord x2  
  62  9:14  Overlord  
  65  9:39  Mutalisk  
  65  9:40  Mutalisk x4  
  75  9:52  Extractor  
  74  9:57  Extractor  
  73  10:08  Drone x6  
  73  10:09  Drone x2  
  81  10:26  Overlord x5  
  81  10:27  Overlord x2  
  81  10:39  Evolution Chamber  
  81  10:42  Baneling x3  
  80  10:43  Baneling x3  
  80  10:44  Evolution Chamber  
  80  10:45  Zergling x2  
  80  10:46  Zergling x14  
  87  10:57  Mutalisk x4  
  95  11:09  Drone  
  96  11:29  Drone x7  
  103  11:48  Mutalisk x7  
  117  12:03  Hatchery  
Tags
 
Add a new tag
Caveats
  • Supply blocks, unpowered buildings, or Contaminate may cause inaccurate times.
  • Supply counts are checked every 10 seconds.